 Dungeon Crawl Stone Soup version 0.16.0-17-g811c1d7 (webtiles) character file.

499 timbw the Cudgeler (level 6, -2/42 HPs)
             Began as a Vampire Arcane Marksman on Mar 20, 2015.
             Slain by a hippogriff (5 damage)
             ... on level 6 of the Dungeon.
             The game lasted 00:06:51 (2232 turns).

timbw the Cudgeler (Vampire Arcane Marksman)        Turns: 2232, Time: 00:06:51

Health: -2/42      AC:  4    Str: 10    XL:     6   Next: 94%
Magic:  17/17      EV: 13    Int: 15    God:
Gold:   178        SH:  0    Dex: 15    Spells: 1 memorised, 6 levels left

rFire  . . .     SeeInvis +     j - +0 flail
rCold  . . .     Clarity  .     g - +0 leather armour (curse)
rNeg   + . .     SustAb   .     (no shield)
rPois  .         Gourm    .     (no helmet)
rElec  .         Spirit   .     s - +0 cloak
rCorr  .         Warding  .     (no gloves)
rMut   .         Stasis   .     (no boots)
MR     .....                    f - amulet of faith
Stlth  +.........               (no ring)
                                l - ring of magical power

@: not resistant to hostile enchantments, very unstealthy
A: bottle blood, fangs 3, see invisible, unbreathing
a: Bat Form


You were on level 6 of the Dungeon.
You were not thirsty.

You visited 1 branch of the dungeon, and saw 6 of its levels.

You collected 178 gold pieces.

Inventory:

Hand weapons
 h - a +0 club
 j - a +0 flail (weapon)
Missiles
 b - 3 javelins (quivered)
 c - 8 tomahawks
Armour
 a - a +0 robe
 g - a cursed +0 leather armour (worn)
 s - a +0 cloak (worn)
Jewellery
 f - an amulet of faith (around neck)
 l - a ring of magical power (left hand)
Magical devices
 e - a wand of fireball (3)
 v - a wand of enslavement (21)
Scrolls
 k - 5 scrolls of identify {unknown}
 m - a scroll of recharging
 n - a scroll of teleportation {unknown}
 o - a scroll of immolation {unknown}
 q - 2 scrolls of amnesia {unknown}
 r - a scroll of remove curse {unknown}
 u - 2 scrolls of enchant weapon {unknown}
Potions
 x - a potion of curing
Books
 d - a book of Debilitation

   Spells                             Type                      Level
   a - Corona                         Hexes                        1
   b - Slow                           Hexes                        2
   c - Inner Flame                    Hexes/Fire                   3
   d - Enslavement                    Hexes                        4
   e - Cause Fear                     Hexes                        4
   f - Leda's Liquefaction            Hexes/Earth                  4


   Skills:
 - Level 0.8 Fighting
 + Level 5.7 Maces & Flails
 - Level 1.5 Throwing
 - Level 3.1 Dodging
 - Level 1.0 Spellcasting
 - Level 4.4 Hexes


You had 6 spell levels left.
You knew the following spells:

 Your Spells              Type           Power        Failure   Level  Hunger
a - Corona                Hex            ##.....      8%          1    ##.....


Dungeon Overview and Level Annotations

Branches:
Dungeon (6/15)
 Temple: D:4-7

Altars:
Qazlal

Annotations:
D:3 exclusion: door
D:4 Dowan, Duvessa, Grinder


Innate Abilities, Weirdness & Mutations

You can bottle blood from corpses.
You have razor-sharp teeth.
You have supernaturally acute eyesight.
You can survive without breathing.


Message History

Throwing (i - inventory. (,) - cycle):
b - 4 javelins (quivered)
Press: ? - help, Shift-Dir - straight line, f - hippogriff, p - goliath beetle
Aim: a hippogriff (heavily wounded)
You throw a javelin.
The javelin closely misses the hippogriff.
The javelin barely misses the sky beast.
The javelin hits your goliath beetle.
The goliath beetle is no longer charmed.
The goliath beetle is lightly wounded.
The hippogriff bites you but does no damage.
The hippogriff barely misses you. The hippogriff claws you.
* * * LOW HITPOINT WARNING * * *
Evoke which item? (* to show all) (? for menu, Esc to quit)
Zapping:
v - a wand of enslavement {zapped: 3} (will waste charges)
Press: ? - help, Shift-Dir - straight line, f/p - hippogriff
Aim: a hippogriff (moderately wounded, chance 46%)
Okay, then.
The hippogriff completely misses you. The hippogriff misses you.
The hippogriff claws you.
You die...

#...#......##........#***,,,,,
#...#......##†.......# *****,
#...#......##........# *,
#.....#.#####..Y.....# *,
#.......# #.##.####### ****,
##.##....#####.##.†.....#
*,,,.
#.....##.#..)..#####....#
*,,,. ##.#####.#.#.#.#
#.#..###,*.# #.#
#.#.#..@#####.#....#,*.# ###
#...#.#H#(....#..#.###..
#####.#Y#B#####.........
#.#.#Y#####.###....#
#.#.#.#.............
#.......##..##......
#####....#..##......
##.#.#..##......
#.#.#..##......


You could see a hippogriff and a sky beast.

Vanquished Creatures
  A black bear (D:6)
  An ogre (D:5)
  2 crimson imps (D:5)
  A giant frog skeleton (D:5)
  An iguana (D:5)
  3 worker ants
  A hound skeleton (D:4)
  2 gnolls (D:3)
  A giant mite (D:4)
  4 adders
  2 adder skeletons (D:4)
  2 oozes (D:1)
  An orc (D:5)
  A ball python (D:2)
  6 giant cockroaches
  4 goblins
  8 hobgoblins
  5 jackals
  6 kobolds
  2 quokkas
  4 bats
  2 giant newts
  3 rats
63 creatures vanquished.

Notes
Turn   | Place    | Note
--------------------------------------------------------------
     0 | D:1      | timbw, the Vampire Arcane Marksman, began the quest for the Orb.
     0 | D:1      | Reached XP level 1. HP: 14/14 MP: 2/2
   246 | D:1      | Reached XP level 2. HP: 20/20 MP: 3/3
   417 | D:1      | Reached skill level 1 in Maces & Flails
   504 | D:2      | Reached XP level 3. HP: 23/25 MP: 4/4
   964 | D:3      | Reached XP level 4. HP: 17/31 MP: 5/5
   969 | D:3      | HP: 1/31 [gnoll/spear (9)]
  1157 | D:3      | HP: 1/31 [hound skeleton (1)]
  1598 | D:4      | Reached XP level 5. HP: 36/36 MP: 7/7
  1807 | D:5      | Entered Level 5 of the Dungeon
  1830 | D:5      | Noticed an ogre
  1874 | D:4      | Noticed Grinder
  1878 | D:4      | Noticed Duvessa
  1882 | D:4      | Noticed Dowan
  1914 | D:5      | Reached XP level 6. HP: 38/42 MP: 8/8
  1919 | D:5      | Found a stormy altar of Qazlal.
  1925 | D:5      | Killed an ogre
  1925 | D:5      | Reached skill level 5 in Maces & Flails
  2178 | D:6      | Noticed a hippogriff
  2226 | D:6      | HP: 2/42 [hippogriff (5)]
  2232 | D:6      | Slain by a hippogriff

Action                   |  1- 3 |  4- 6 || total
-------------------------+-------+-------++-------
Melee: Unarmed           |    88 |       ||    88
       Club              |    28 |    31 ||    59
       Flail             |       |    59 ||    59
Throw: Javelin           |    12 |    16 ||    28
       Throwing net      |     1 |     3 ||     4
       Tomahawk          |       |     2 ||     2
Evoke: Wand              |       |     1 ||     1
  Use: Potion            |       |     8 ||     8
       Scroll            |       |     2 ||     2
 Stab: Sleeping          |     2 |     1 ||     3
       Invisible         |       |     2 ||     2
  Eat: Corpse            |    11 |     2 ||    13
